 Dungeon Crawl Stone Soup version 0.25-a0-341-g6f074c887a (webtiles) character file.

Game seed: 10620644567969055810, levelgen mode: deterministic

8539 Essalna the Thaumaturge (level 11, -9/81 HPs)
             Began as a Gnoll Fire Elementalist on Dec 30, 2019.
             Was a Believer of Ashenzari.
             Mangled by a troll (12 damage)
             ... on level 10 of the Dungeon.
             The game lasted 00:31:09 (9685 turns).

Essalna the Thaumaturge (Gnoll Fire Elementalist)   Turns: 9685, Time: 00:31:09

Health: -9/81      AC:  8    Str: 11    XL:     11   Next: 32%
Magic:  5/23       EV: 18    Int: 24    God:    Ashenzari [**....]
Gold:   599        SH:  0    Dex: 20    Spells: 20/26 levels left

rFire    + . .     SeeInvis .   z - +0 falchion "Poadwok" {slice, +Fly Int+3 Dex+5 Stlth-}
rCold    x . .     Gourm    .   (no shield)
rNeg     . . .     Faith    .   a - +0 robe
rPois    .         Spirit   .   (no helmet)
rElec    .         Reflect  .   n - +0 cloak
rCorr    .         Harm     .   (no gloves)
MR       .....                  (no boots)
Stlth    +++.......             (no amulet)
HPRegen  0.23/turn              k - +5 ring of protection (curse)
MPRegen  0.18/turn              y - ring of fire (curse)

@: no status effects
A: distributed training, fangs 1, strong nose
a: Curse Item, Scrying, Renounce Religion, Evoke Flight


You were on level 10 of the Dungeon.
You worshipped Ashenzari.
Ashenzari was pleased with you.
You were not hungry.

You visited 2 branches of the dungeon, and saw 11 of its levels.

You collected 599 gold pieces.

Inventory:

Hand Weapons
 f - a +6 dagger
 z - the +0 falchion "Poadwok" (weapon) {slice, +Fly Int+3 Dex+5 Stlth-}
   (You found it on level 6 of the Dungeon)

   It inflicts extra damage upon your enemies.
   It affects your intelligence (+3).
   It affects your dexterity (+5).
   It lets you fly.
   It makes you less stealthy.
Armour
 a - a +0 robe (worn)
 n - a +0 cloak (worn)
Jewellery
 h - a cursed ring of attention
 k - a cursed +5 ring of protection (left hand)
 x - an uncursed ring of fire
 y - a cursed ring of fire (right hand)
 G - the ring "Zyps" {-Tele rPois MR- Str+8 Dex+3 Stlth+}
   (You found it on level 6 of the Dungeon)

   [ring of dexterity]

   It affects your strength (+8).
   It affects your dexterity (+3).
   It protects you from poison.
   It affects your resistance to hostile enchantments.
   It prevents most forms of teleportation.
   It makes you more stealthy.
 H - an uncursed ring of see invisible
 O - an uncursed amulet of harm
Wands
 D - a wand of random effects (3)
 M - a wand of iceblast (2)
Scrolls
 d - a scroll of enchant armour {unknown}
 j - 2 scrolls of immolation
 m - a scroll of holy word {unknown}
 p - 3 scrolls of fog
 q - 3 scrolls of identify
 r - 5 scrolls of teleportation
 w - 3 scrolls of magic mapping {unknown}
 A - a scroll of noise {unknown}
 B - a scroll of random uselessness {unknown}
 C - a scroll of silence {unknown}
 F - 6 scrolls of remove curse
 I - a scroll of enchant weapon
 L - 2 scrolls of summoning {unknown}
 N - a scroll of blinking
Potions
 b - 5 potions of agility
 e - 2 potions of cancellation {unknown}
 g - 9 potions of curing
 i - a potion of haste
 l - 4 potions of berserk rage {unknown}
 o - 4 potions of magic {unknown}
 s - a potion of resistance {unknown}
 t - 4 potions of brilliance
 u - 2 potions of degeneration {unknown}
 v - 2 potions of heal wounds {unknown}
 E - 3 potions of lignification
 J - a potion of invisibility {unknown}
Comestibles
 c - 15 rations
 K - 3 chunks of flesh


   Skills:
 + Level 6.1 Fighting
 + Level 6.1 Short Blades
 + Level 6.1 Long Blades
 + Level 6.1 Axes
 + Level 6.1 Maces & Flails
 + Level 6.1 Polearms
 + Level 6.1 Staves
 + Level 6.1 Slings
 + Level 6.1 Bows
 + Level 6.1 Crossbows
 + Level 6.1 Throwing
 + Level 6.1 Armour
 + Level 7.7 Dodging
 + Level 7.4 Stealth
 + Level 6.1 Shields
 + Level 6.1 Unarmed Combat
 + Level 8.0 Spellcasting
 + Level 5.5(7.0) Conjurations
 + Level 5.0(6.4) Hexes
 + Level 5.0(6.4) Charms
 + Level 5.0(6.4) Summonings
 + Level 5.0(6.4) Necromancy
 + Level 5.0(6.4) Translocations
 + Level 5.0(6.4) Transmutations
 + Level 7.5(9.0) Fire Magic
 + Level 5.0(6.4) Ice Magic
 + Level 5.0(6.4) Air Magic
 + Level 5.0(6.4) Earth Magic
 + Level 5.0(6.4) Poison Magic
 + Level 6.6 Invocations
 + Level 6.1(7.5) Evocations


You had 20 spell levels left.
You knew the following spells:

 Your Spells              Type           Power        Failure   Level  Hunger
a - Foxfire               Conj/Fire      ####         1%          1    None
b - Sticky Flame          Conj/Fire      ######..     2%          4    ##.....
c - Summon Small Mammal   Summ           ####         1%          1    None

Your spell library contained the following spells:

 Spells                   Type           Power        Failure   Level  Hunger
 Animate Skeleton         Necr           N/A          1%          1    None
 Apportation              Tloc           #####.       1%          1    None
 Confusing Touch          Hex            #####.       1%          1    None
 Magic Dart               Conj           ####         1%          1    None
 Searing Ray              Conj           #####.       1%          2    None
 Conjure Flame            Conj/Fire      ######..     1%          3    None
 Dazzling Flash           Conj/Hex       #####.       1%          3    None
 Inner Flame              Hex/Fire       ######..     1%          3    None
 Fulminant Prism          Conj/Hex       #####.....   4%          4    ##.....
 Iskenderun's Mystic Bla  Conj/Tloc      #####...     4%          4    ##.....
 Fireball                 Conj/Fire      ######....   7%          5    #####..


Dungeon Overview and Level Annotations

Branches:
Dungeon (10/15)            Temple (1/1) D:5
   Lair: D:8-11         Orc: D:9-12

Altars:
Ashenzari
Dithmenos
Elyvilon
Fedhas
Gozag
Kikubaaqudgha
Makhleb
Nemelex Xobeh
Okawaru
Qazlal
Sif Muna
Trog
Uskayaw
Vehumet
Xom
Yredelemnul
Zin
The Shining One


Innate Abilities, Weirdness & Mutations

Your experience applies equally to all skills.
You have very sharp teeth.
Your uncanny sense of smell can sniff out nearby items.


Message History

You feel a surge of power!
You conjure some foxfire!
The foxfire hits the hound.
The hound is almost dead.
The hound closely misses you. The troll barely misses you.
You riposte.
You hit the troll but do no damage.
The troll is heavily wounded.
The troll completely misses you. The troll claws you.
Your foxfire dissipates!
The foxfire hits the troll.
The troll is severely wounded.
The foxfire hits the hound.
You kill the hound!
Casting: Foxfire (safe; 1% risk of failure)
Confirm with . or Enter, or press ? or * to list all spells.
You feel a surge of power!
You conjure some foxfire!
The troll bites you!
* * * LOW HITPOINT WARNING * * *
The troll claws you!
* * * LOW HITPOINT WARNING * * *
The troll claws you!
You die...

**#... #........ #[..,
#........ ##...
#........ #.... *
##....... #....##
#....... #.....###
######## ##......
#S...##...####......##
#...... ...
###.....v......#
##...<. .
##†.T@.......## #....#
* #....v........#
#####. ##............#
##.. ##..........##
##..#
##.........#####.###
##....####...#.##
##.### ###..## ###
###...# #.)÷..#


You could see a troll.

Vanquished Creatures
  Erolcha (D:9)
  3 two-headed ogres
  A gargoyle (D:9)
  Psyche (D:9)
  A slime creature (D:7)
  A hippogriff (D:8)
  A wyvern (D:9)
  4 yaks (D:9)
  A hungry ghost (D:7)
  A water moccasin (D:10)
  2 ice beasts
  4 orc warriors
  A black bear (D:6)
  3 phantoms
  3 centaurs
  A necrophage (D:5)
  3 ogres
  5 bullfrogs
  4 scorpions
  6 killer bees
  5 wights (D:10)
  2 howler monkeys
  4 crimson imps
  A bullfrog zombie (D:8)
  5 hounds
  7 jellies
  3 orc priests
  9 orc wizards
  5 iguanas
  4 worker ants
  2 killer bee zombies
  4 hound skeletons
  3 adders
  4 gnolls (D:8)
  3 shadow imps
  17 oozes
  An adder zombie (D:5)
  3 worms
  2 dart slugs (D:2)
  7 leopard geckos
  42 orcs
  6 giant cockroaches
  7 goblins
  4 hobgoblins
  2 jackals (D:3)
  2 quokkas
  A ball python (D:3)
  9 bats
  4 frilled lizards
  A jackal skeleton (D:5)
  6 kobolds
  2 quokka skeletons
  2 quokka zombies
  10 rats
236 creatures vanquished.

Vanquished Creatures (others)
  An orc wizard (D:5)
  3 orcs (D:5)
  969 foxfires
  5 fungi (D:7)
978 creatures vanquished.

Grand Total: 1214 creatures vanquished

Notes
Turn   | Place    | Note
-------+----------+-------------------------------------------
     0 | D:1      | Essalna the Gnoll Fire Elementalist began the quest for the
                  | Orb.
     0 | D:1      | Reached XP level 1. HP: 13/13 MP: 6/6
   207 | D:1      | Reached XP level 2. HP: 19/19 MP: 5/7
   745 | D:2      | Reached XP level 3. HP: 23/25 MP: 9/9
   784 | D:2      | Found a faded altar of an unknown god.
   837 | D:2      | Found a basalt altar of Yredelemnul.
   858 | D:2      | Reached skill level 5 in Spellcasting
  1126 | D:3      | Reached skill level 1 in Invocations
  1347 | D:3      | Reached skill level 1 in Fighting
  1347 | D:3      | Reached skill level 1 in Short Blades
  1347 | D:3      | Reached skill level 1 in Long Blades
  1347 | D:3      | Reached skill level 1 in Axes
  1347 | D:3      | Reached skill level 1 in Maces & Flails
  1347 | D:3      | Reached skill level 1 in Polearms
  1347 | D:3      | Reached skill level 1 in Staves
  1347 | D:3      | Reached skill level 1 in Slings
  1347 | D:3      | Reached skill level 1 in Bows
  1347 | D:3      | Reached skill level 1 in Crossbows
  1347 | D:3      | Reached skill level 1 in Throwing
  1347 | D:3      | Reached skill level 1 in Armour
  1347 | D:3      | Reached skill level 1 in Shields
  1347 | D:3      | Reached skill level 1 in Unarmed Combat
  1347 | D:3      | Reached skill level 1 in Evocations
  1350 | D:3      | Reached XP level 4. HP: 32/32 MP: 8/11
  1834 | D:3      | Found a glowing silver altar of Zin.
  1979 | D:4      | Reached skill level 1 in Hexes
  1979 | D:4      | Reached skill level 1 in Charms
  1979 | D:4      | Reached skill level 1 in Summonings
  1979 | D:4      | Reached skill level 1 in Necromancy
  1979 | D:4      | Reached skill level 1 in Translocations
  1979 | D:4      | Reached skill level 1 in Transmutations
  1979 | D:4      | Reached skill level 1 in Ice Magic
  1979 | D:4      | Reached skill level 1 in Air Magic
  1979 | D:4      | Reached skill level 1 in Earth Magic
  1979 | D:4      | Reached skill level 1 in Poison Magic
  1979 | D:4      | Reached XP level 5. HP: 37/37 MP: 7/12
  2003 | D:4      | Noticed a phantom
  2029 | D:4      | Killed a phantom
  2029 | D:4      | Reached XP level 6. HP: 32/44 MP: 0/13
  2135 | D:4      | Reached skill level 5 in Dodging
  2385 | D:4      | Found a shimmering altar of Xom.
  2640 | D:5      | Entered Level 5 of the Dungeon
  2659 | D:5      | Reached XP level 7. HP: 50/50 MP: 11/15
  3108 | D:5      | Reached skill level 5 in Stealth
  3531 | D:5      | Found a staircase to the Ecumenical Temple.
  3540 | Temple   | Entered the Ecumenical Temple
  3672 | Temple   | Became a worshipper of Ashenzari the Shackled
  3745 | D:5      | Reached XP level 8. HP: 55/57 MP: 9/16
  3769 | D:5      | Learned a level 4 spell: Sticky Flame
  3774 | D:5      | Found an opulent altar of Gozag.
  4255 | D:6      | Got the falchion "Poadwok" {slice, +Fly Int+3 Dex+5 Stlth-}
  4256 | D:6      | Identified the +0 falchion "Poadwok" {slice, +Fly Int+3
                  | Dex+5 Stlth-} (You found it on level 6 of the Dungeon)
  4312 | D:6      | Reached skill level 6 in Spellcasting
  4537 | D:6      | Identified the ring "Zyps" {-Tele rPois MR- Str+8 Dex+3
                  | Stlth+}
  4636 | D:6      | Found a white marble altar of Elyvilon.
  4636 | D:6      | Found a hide-covered altar of Uskayaw.
  4638 | D:6      | Found a blossoming altar of Fedhas.
  5035 | D:7      | HP: 1/58 [orc warrior/+0 battleaxe of chopping (5)]
  5353 | D:7      | Reached XP level 9. HP: 33/65 MP: 8/18
  5901 | D:7      | Reached * piety under Ashenzari
  7151 | D:8      | Reached skill level 5 in Invocations
  7354 | D:8      | Noticed a two-headed ogre
  7362 | D:8      | Killed a two-headed ogre
  7362 | D:8      | Reached skill level 7 in Spellcasting
  7362 | D:8      | Reached XP level 10. HP: 35/73 MP: 11/20
  7537 | D:8      | Found a bloodstained altar of Trog.
  7588 | D:8      | Reached skill level 5 in Fighting
  7588 | D:8      | Reached skill level 5 in Short Blades
  7588 | D:8      | Reached skill level 5 in Long Blades
  7588 | D:8      | Reached skill level 5 in Axes
  7588 | D:8      | Reached skill level 5 in Maces & Flails
  7588 | D:8      | Reached skill level 5 in Polearms
  7588 | D:8      | Reached skill level 5 in Staves
  7588 | D:8      | Reached skill level 5 in Slings
  7588 | D:8      | Reached skill level 5 in Bows
  7588 | D:8      | Reached skill level 5 in Crossbows
  7588 | D:8      | Reached skill level 5 in Throwing
  7588 | D:8      | Reached skill level 5 in Armour
  7588 | D:8      | Reached skill level 5 in Shields
  7588 | D:8      | Reached skill level 5 in Unarmed Combat
  7588 | D:8      | Reached skill level 5 in Evocations
  7932 | D:9      | Found an iron altar of Okawaru.
  8325 | D:9      | Noticed a two-headed ogre
  8338 | D:9      | Killed a two-headed ogre
  8338 | D:9      | Reached skill level 5 in Conjurations
  8655 | D:9      | Noticed Erolcha
  8664 | D:9      | Killed Erolcha
  8664 | D:9      | Reached XP level 11. HP: 55/81 MP: 10/22
  8745 | D:9      | Learned a level 1 spell: Summon Small Mammal
  8817 | D:9      | Found a radiant altar of Vehumet.
  8991 | D:9      | Reached ** piety under Ashenzari
  9289 | D:9      | Noticed Psyche
  9296 | D:9      | Killed Psyche
  9415 | D:10     | Entered Level 10 of the Dungeon
  9617 | D:10     | Noticed a two-headed ogre
  9635 | D:10     | Killed a two-headed ogre
  9635 | D:10     | Reached skill level 5 in Hexes
  9635 | D:10     | Reached skill level 5 in Charms
  9635 | D:10     | Reached skill level 5 in Summonings
  9635 | D:10     | Reached skill level 5 in Necromancy
  9635 | D:10     | Reached skill level 5 in Translocations
  9635 | D:10     | Reached skill level 5 in Transmutations
  9635 | D:10     | Reached skill level 5 in Ice Magic
  9635 | D:10     | Reached skill level 5 in Air Magic
  9635 | D:10     | Reached skill level 5 in Earth Magic
  9635 | D:10     | Reached skill level 5 in Poison Magic
  9679 | D:10     | Reached skill level 8 in Spellcasting
  9685 | D:10     | HP: 3/81 [troll (10)]
  9685 | D:10     | Mangled by a troll

Levels and vault maps discovered:
D:1:      dpeg_arrival_tiny_a, layout_basic
D:2:      layout_rooms, chequers_ecumenical_altar_simple,
          yredelemnul_altar_generic
D:3:      layout_basic, lemuel_round_altar, patterned_corridor
D:4:      layout_rooms, lemuel_round_altar, first_ration
D:5:      layout_rooms, kennysheep_mini, lemuel_temple_firewalk_a
D:6:      layout_cave_pools, nicolae_overflow_hidden_temple
D:7:      lemuel_slime, layout_loops_corners
D:8:      layout_rooms, marbit_many_paths
D:9:      layout_grid_maze, lemuel_doored_altar, lemuel_crystal_altar,
          uniq_erolcha, uniq_psyche
D:10:     layout_cave_pods, serial_shops, shop
Temple:   hc_temple_tempest_star

Skill      XL: |  1  2  3  4  5  6  7  8  9 10 11 |
---------------+----------------------------------+-----
Conjurations   | 2 3 4 5 |  5.5
Spellcasting   | 5 6 7 8 |  8.0
Invocations    | 1 2 3 4 5 6 |  6.6
Fighting       | 1 2 3 4 5 6 |  6.1
Short Blades   | 1 2 3 4 5 6 |  6.1
Long Blades    | 1 2 3 4 5 6 |  6.1
Axes           | 1 2 3 4 5 6 |  6.1
Maces & Flails | 1 2 3 4 5 6 |  6.1
Polearms       | 1 2 3 4 5 6 |  6.1
Staves         | 1 2 3 4 5 6 |  6.1
Slings         | 1 2 3 4 5 6 |  6.1
Bows           | 1 2 3 4 5 6 |  6.1
Crossbows      | 1 2 3 4 5 6 |  6.1
Throwing       | 1 2 3 4 5 6 |  6.1
Armour         | 1 2 3 4 5 6 |  6.1
Shields        | 1 2 3 4 5 6 |  6.1
Unarmed Combat | 1 2 3 4 5 6 |  6.1
Evocations     | 1 2 3 4 5 6 |  6.1
Hexes          | 1 2 3 4 5 |  5.0
Charms         | 1 2 3 4 5 |  5.0
Summonings     | 1 2 3 4 5 |  5.0
Necromancy     | 1 2 3 4 5 |  5.0
Translocations | 1 2 3 4 5 |  5.0
Transmutations | 1 2 3 4 5 |  5.0
Ice Magic      | 1 2 3 4 5 |  5.0
Air Magic      | 1 2 3 4 5 |  5.0
Earth Magic    | 1 2 3 4 5 |  5.0
Poison Magic   | 1 2 3 4 5 |  5.0
Dodging        | 5 6 7 |  7.7
Stealth        | 5 6 7 |  7.4
Fire Magic     | 6 7 |  7.5

Action                   |  1- 3 |  4- 6 |  7- 9 | 10-12 || total
-------------------------+-------+-------+-------+-------++-------
Melee: Dagger            |    76 |    23 |    31 |       ||   130
       Bite              |     7 |     3 |    15 |     9 ||    34
       Falchion          |       |       |    59 |    41 ||   100
       Punch             |       |       |     2 |     1 ||     3
 Cast: Foxfire           |    22 |    70 |   310 |   199 ||   601
       Sticky Flame      |       |       |     2 |    10 ||    12
Invok: Curse Item        |       |       |     2 |       ||     2
  Use: Scroll            |       |       |    12 |       ||    12
 Stab: Sleeping          |     4 |       |     1 |       ||     5
  Eat: Chunk             |     1 |     4 |     8 |     8 ||    21
       Ration            |       |       |     2 |       ||     2
Armor: Robe              |    32 |     3 |    41 |    16 ||    92
Dodge: Dodged            |    70 |    21 |   135 |    92 ||   318
       Rpst.: Falchion   |       |       |    24 |    21 ||    45

Table legend:
 A = Non-vault XP
 B = Vault XP
 C = Vault XP percentage of total XP
 D = Non-vault monster count
 E = Vault monster count
 F = Vault count percentage of total count
                 A         B        C        D         E       F
            +---------+---------+-------+---------+---------+-------
      Total |    9272 |    2927 |  24.0 |     211 |      25 |  10.6
            +---------+---------+-------+---------+---------+-------
        D:1 |      25 |       0 |   0.0 |      17 |       0 |   0.0
        D:2 |      29 |       0 |   0.0 |      16 |       0 |   0.0
        D:3 |      59 |       0 |   0.0 |      24 |       0 |   0.0
        D:4 |     487 |       0 |   0.0 |      13 |       0 |   0.0
        D:5 |     665 |       0 |   0.0 |      23 |       0 |   0.0
        D:6 |     844 |       0 |   0.0 |      27 |       0 |   0.0
        D:7 |    1017 |     616 |  37.7 |      21 |      22 |  51.2
        D:8 |    1216 |     905 |  42.7 |      28 |       1 |   3.4
        D:9 |    3538 |    1406 |  28.4 |      33 |       2 |   5.7
       D:10 |    1392 |       0 |   0.0 |       9 |       0 |   0.0
            +---------+---------+-------+---------+---------+-------
